 Dungeon Crawl Stone Soup version 0.27-a0-585-g945025970d (webtiles) character file.

Game seed: 9804933723360065293

12200 mister155 the Basher (level 11, -4/95 HPs)
             Began as a Yellow Draconian Berserker on Mar 10, 2021.
             Was a High Priest of Trog.
             Slain by a skeletal warrior
             ... wielding a +0 trident
              (8 damage)
             ... on level 10 of the Dungeon.
             The game lasted 00:42:21 (14469 turns).

mister155 the Basher (Yellow Draconian Berserker)  Turns: 14469, Time: 00:42:21

Health: -4/95      AC: 10    Str: 22    XL:     11   Next: 59%
Magic:  20/20      EV: 18    Int:  9    God:    Trog [*****.]
Gold:   604        SH: 18    Dex: 25    Spells: 10/10 levels left

rFire    x . .     SeeInvis .   b - +5 whip (venom)
rCold    . . .     Faith    .   g - +0 kite shield
rNeg     . . .     Spirit   .   (armour unavailable)
rPois    +         Reflect  +   (helmet restricted)
rElec    .         Harm     .   (no cloak)
rCorr    +         Rampage  .   s - +1 pair of gloves of Fenis {rPois rF- MP+9 Dex+9}
Will     .....                  L - +0 pair of boots
Stlth    ++++......             C - amulet of reflection
HPRegen  0.25/turn              H - ring of poison resistance
MPRegen  0.17/turn              A - +6 ring of dexterity

@: mighty, berserk cooldown, slowed, very slow
A: spit acid, unfitting armour, cold-blooded, acid resistance, AC +7
a: Breathe Acid, Renounce Religion, Berserk, Trog's Hand, Brothers in Arms


You were on level 10 of the Dungeon.
You worshipped Trog.
Trog was extremely pleased with you.
You visited 1 branch of the dungeon, and saw 10 of its levels.

You collected 604 gold pieces.

Inventory:

Hand Weapons
 b - a +5 whip of venom (weapon)
 e - a +2 short sword of venom
 l - a +4 dire flail of protection
 r - a +4 dire flail of holy wrath
 t - a +0 quarterstaff of speed
 v - a +0 mace of draining
 E - a +4 vorpal arbalest
 Q - a +1 shortbow of freezing
 R - a +2 vampiric hand axe
 S - a +1 dagger of venom
 Z - a +4 great sword
Missiles
 d - 139 arrows
 f - 44 poisoned darts (quivered)
 k - 45 bolts
 q - 10 silver boomerangs
 X - 3 throwing nets
Armour
 g - a +0 kite shield (worn)
 s - the +1 pair of gloves of Fenis (worn) {rPois rF- MP+9 Dex+9}
   (You found it on level 5 of the Dungeon)

   It affects your dexterity (+9).
   It makes you vulnerable to fire.
   It protects you from poison.
   It affects your magic capacity (+9).
 L - a +0 pair of boots (worn)
Jewellery
 n - a ring of ice
 A - a +6 ring of dexterity (right hand)
 C - an amulet of reflection (around neck)
 H - a ring of poison resistance (left hand)
 J - a ring of fire
 N - an amulet of faith
 P - a ring of resist corrosion
 T - an amulet of magic regeneration
 U - an amulet of the acrobat
Wands
 a - a wand of paralysis (8)
 h - a wand of polymorph (6)
 x - a wand of flame (39)
 I - a wand of random effects (13)
 Y - a wand of charming (7)
Scrolls
 j - 2 scrolls of noise
 m - 3 scrolls of amnesia
 y - 3 scrolls of teleportation
 G - 2 scrolls of vulnerability
 K - a scroll of immolation
 M - 3 scrolls of identify
 V - a scroll of magic mapping
Potions
 c - a potion of resistance
 i - 2 potions of flight
 o - 2 potions of degeneration
 u - 3 potions of might
 w - 2 potions of ambrosia
 z - 3 potions of lignification
 B - a potion of mutation {unknown}
 D - 2 potions of heal wounds {unknown}
 F - 2 potions of haste
 O - a potion of brilliance {unknown}


   Skills:
 + Level 8.5 Fighting
 + Level 3.8 Long Blades
 + Level 10.2 Maces & Flails
 + Level 0.6 Throwing
 + Level 8.0 Dodging
 + Level 6.3 Stealth
 + Level 8.8 Shields


You had 10 spell levels left.
You didn't know any spells.
Your spell library contained the following spells:

 Spells                   Type           Power      Damage    Failure   Level
 Animate Skeleton         Necr           0%         N/A       65%         1
 Apportation              Tloc           0%         N/A       65%         1
 Pain                     Necr           0%         1d4       65%         1
 Shock                    Conj/Air       0%         1d3       65%         1
 Swiftness                Air            0%         N/A       80%         2
 Lesser Beckoning         Tloc           0%         N/A       95%         3
 Static Discharge         Conj/Air       0%         N/A       95%         3
 Tukima's Dance           Hex            0%         N/A       95%         3
 Vampiric Draining        Necr           0%         2d6       95%         3
 Airstrike                Air            0%         N/A       100%        4
 Animate Dead             Necr           0%         N/A       100%        4
 Agony                    Necr           0%         N/A       100%        5
 Alistair's Intoxication  Tmut/Pois      0%         N/A       100%        5
 Lightning Bolt           Conj/Air       0%         1d11      100%        5
 Invisibility             Hex            0%         N/A       100%        6


Dungeon Overview and Level Annotations

Branches:
Dungeon (10/15)            Temple (0/1) D:5
   Lair: D:8-11         Orc: D:9-12

Altars:
Ashenzari
Dithmenos
Elyvilon
Hepliaklqana
Kikubaaqudgha
Makhleb
Nemelex Xobeh
Ru
Sif Muna
Uskayaw
Wu Jian
Yredelemnul
The Shining One

Shops:
D:7 (


Innate Abilities, Weirdness & Mutations

You can spit globs of acid.
Your golden yellow scales are hard. (AC +7)
You cannot fit into any form of body armour.
You are cold-blooded and may be slowed by cold attacks.
You are resistant to acid. (rCorr)


Message History

You whack the skeletal warrior!
The skeletal warrior is heavily damaged.
You hit the skeletal warrior.
The skeletal warrior is heavily damaged.
You block the skeletal warrior's attack.
You closely miss the skeletal warrior.
The skeletal warrior is heavily damaged.
The skeletal warrior hits you from afar with a +0 trident!
You hit the skeletal warrior but do no damage.
The skeletal warrior is heavily damaged.
The skeletal warrior hits you with a +0 dire flail!!
You whack the skeletal warrior!
The skeletal warrior is severely damaged.
You are no longer berserk.
You are exhausted.
You feel yourself slow down.
The skeletal warrior hits you from afar with a +0 trident!!
You closely miss the skeletal warrior.
You tail-slap the skeletal warrior, but do no damage.
The skeletal warrior is severely damaged.
You block the skeletal warrior's attack.
The skeletal warrior hits you from afar with a +0 trident.
You block the skeletal warrior's attack.
You hit the skeletal warrior but do no damage.
The skeletal warrior is severely damaged.
The skeletal warrior misses you.
You block the skeletal warrior's attack.
Okay, then.
You feel better.
The skeletal warrior hits you from afar with a +0 trident!
* * * LOW HITPOINT WARNING * * *
The skeletal warrior hits you from afar with a +0 trident.
* * * LOW HITPOINT WARNING * * *
There is an open door here.
You feel very mighty all of a sudden.
You block the skeletal warrior's attack.
The skeletal warrior hits you from afar with a +0 trident!
* * * LOW HITPOINT WARNING * * *
The skeletal warrior hits you from afar with a +0 trident!
You die...

###+#### ......z#
########## .......#
#........#
.......######........+
.$.....')..z'zz.@....#
.>.....######..>.....#
####+### ######'###
#..# ##.# #.# ##+#####
#.# #....... #.#
#....... #####'###
#.......


You could see 3 skeletal warriors.

Vanquished Creatures
  Harold (D:8)
  A boulder beetle (D:8)
  4 two-headed ogres
  A skeletal warrior (D:10)
  The ghost of Regoshi the Quickloader, a novice BaHu of Okawaru (D:8)
  An orc knight (D:8)
  An ugly thing (D:9)
  Maurice (D:8)
  2 trolls
  Sigmund (D:3)
  A wyvern (D:10)
  A steam dragon (D:9)
  Edmund (D:4)
  3 orc warriors
  3 sky beasts
  A black bear (D:10)
  A necrophage (D:9)
  6 ogres
  An ice beast (D:6)
  3 centaurs
  3 phantoms
  3 kobold brigands
  4 bullfrogs
  A wyvern zombie (D:9)
  3 scorpions
  17 killer bees
  A wight (D:8)
  A howler monkey (D:7)
  2 electric eels (D:5)
  3 bullfrog zombies
  A quasit (D:10)
  A centaur zombie (D:9)
  8 hounds
  A bullfrog skeleton (D:6)
  6 orc priests
  A centaur skeleton (D:7)
  4 iguanas
  Natasha (thrice) (D:2)
  9 orc wizards
  7 worker ants
  2 killer bee zombies
  2 hound zombies
  2 hound skeletons (D:8)
  4 worker ant zombies
  A howler monkey skeleton (D:7)
  15 adders
  3 shadow imps
  5 white imps
  An ufetubus (D:10)
  3 oozes
  An adder zombie (D:9)
  4 worms
  3 dart slugs
  3 leopard geckos
  40 orcs
  5 giant cockroaches
  15 goblins
  5 hobgoblins
  21 jackals
  26 kobolds
  5 quokkas
  A ball python skeleton (D:4)
  9 bats
  4 frilled lizards
  A jackal skeleton (D:4)
  A jackal zombie (D:9)
  A leopard gecko skeleton (D:4)
  5 rats
302 creatures vanquished.

Vanquished Creatures (others)
  An orc wizard (D:8)
  13 plants
14 creatures vanquished.

Grand Total: 316 creatures vanquished

Notes
Turn   | Place    | Note
-------+----------+-------------------------------------------
     0 | D:1      | mister155 the Draconian Berserker began the quest for the
                  | Orb.
     0 | D:1      | Reached XP level 1. HP: 19/19 MP: 1/1
   121 | D:1      | Reached XP level 2. HP: 19/26 MP: 2/2
   466 | D:1      | Reached XP level 3. HP: 17/33 MP: 3/3
   855 | D:2      | Reached ** piety under Trog
  1249 | D:2      | Noticed Natasha
  1264 | D:2      | Killed Natasha
  1265 | D:2      | Reached skill level 1 in Maces & Flails
  1265 | D:2      | Reached skill level 1 in Stealth
  1265 | D:2      | Reached XP level 4. HP: 32/40 MP: 4/4
  1817 | D:2      | Noticed Natasha
  1821 | D:2      | Killed Natasha
  1871 | D:2      | Noticed Natasha
  1880 | D:2      | Killed Natasha
  1881 | D:2      | Reached skill level 2 in Maces & Flails
  1881 | D:2      | Reached XP level 5. HP: 26/46 MP: 5/5
  2353 | D:3      | Noticed Sigmund
  2368 | D:3      | Killed Sigmund
  2369 | D:3      | Reached skill level 3 in Maces & Flails
  2369 | D:3      | Reached skill level 1 in Shields
  2369 | D:3      | Reached XP level 6. HP: 30/53 MP: 6/6
  2844 | D:3      | Found a burning altar of Makhleb.
  3146 | D:3      | Found a glowing golden altar of the Shining One.
  3237 | D:3      | Found a hazy altar of Hepliaklqana.
  3346 | D:3      | Reached *** piety under Trog
  3596 | D:4      | Your scales start taking on a golden yellow colour.
  3596 | D:4      | Reached XP level 7. HP: 34/60 MP: 7/7
  3596 | D:4      | Gained mutation: You are resistant to acid. (rCorr) [Yellow
                  | Draconian growth]
  3743 | D:4      | Noticed Edmund
  3773 | D:4      | Reached skill level 4 in Maces & Flails
  3785 | D:4      | Killed Edmund
  3841 | D:4      | Reached skill level 5 in Fighting
  3979 | D:4      | Found an ancient bone altar of Kikubaaqudgha.
  4440 | D:5      | Entered Level 5 of the Dungeon
  4584 | D:5      | Found a staircase to the Ecumenical Temple.
  4584 | D:5      | Identified the +1 pair of gloves of Fenis {rPois rF- MP+9
                  | Dex+9}
  4619 | D:5      | Reached **** piety under Trog
  4650 | D:5      | Found a transporter.
  4697 | D:5      | Reached XP level 8. HP: 49/69 MP: 8/8
  4700 | D:5      | Reached skill level 5 in Dodging
  4873 | D:5      | Found a shimmering blue altar of Sif Muna.
  4930 | D:5      | Found a white marble altar of Elyvilon.
  5215 | D:5      | Found a transporter.
  5221 | D:5      | Reached skill level 5 in Maces & Flails
  7386 | D:6      | Reached skill level 6 in Maces & Flails
  8262 | D:6      | Reached XP level 9. HP: 72/75 MP: 9/9
  8533 | D:7      | Found Zaeleept's Weapon Boutique.
  8553 | D:7      | Reached skill level 7 in Maces & Flails
  8955 | D:7      | Found a sparkling altar of Nemelex Xobeh.
  9022 | D:7      | Found an ornate altar of the Wu Jian Council.
  9658 | D:8      | Found a shadowy altar of Dithmenos.
  9683 | D:8      | Found a runed translucent door.
  9691 | D:8      | Noticed an orc knight
  9691 | D:8      | Noticed Regoshi's ghost (novice BaHu)
  9713 | D:8      | Killed Regoshi's ghost
  9714 | D:8      | Reached skill level 5 in Shields
  9733 | D:8      | Killed an orc knight
  9734 | D:8      | Reached skill level 8 in Maces & Flails
  9734 | D:8      | Reached skill level 5 in Stealth
  9741 | D:8      | Noticed a two-headed ogre
  9751 | D:8      | Killed a two-headed ogre
  9752 | D:8      | Reached XP level 10. HP: 28/84 MP: 10/10
 10676 | D:8      | Noticed Harold
 10726 | D:8      | Noticed a boulder beetle
 10782 | D:8      | Killed a boulder beetle
 10913 | D:8      | Reached ***** piety under Trog
 11185 | D:8      | Noticed a two-headed ogre
 11197 | D:8      | Killed a two-headed ogre
 11198 | D:8      | Reached skill level 9 in Maces & Flails
 11579 | D:8      | Killed Harold
 11649 | D:8      | Noticed Maurice
 11670 | D:8      | Killed Maurice
 11671 | D:8      | Reached XP level 11. HP: 78/93 MP: 11/11
 11677 | D:8      | Received a gift from Trog
 12724 | D:9      | Found a broken altar of Ashenzari.
 12834 | D:9      | Found a basalt altar of Yredelemnul.
 13206 | D:9      | Found a sacrificial altar of Ru.
 13212 | D:9      | Noticed a two-headed ogre
 13214 | D:9      | Noticed a cyan ugly thing
 13228 | D:9      | Killed a two-headed ogre
 13241 | D:9      | Killed a cyan ugly thing
 13578 | D:9      | Noticed a two-headed ogre
 13591 | D:9      | Killed a two-headed ogre
 13592 | D:9      | Reached skill level 10 in Maces & Flails
 13747 | D:9      | Found a hide-covered altar of Uskayaw.
 13895 | D:10     | Entered Level 10 of the Dungeon
 14408 | D:10     | Noticed a skeletal warrior
 14408 | D:10     | Noticed a skeletal warrior
 14409 | D:10     | Noticed a skeletal warrior
 14409 | D:10     | Noticed a skeletal warrior
 14442 | D:10     | Killed a skeletal warrior
 14467 | D:10     | HP: 4/95 [skeletal warrior/+0 trident (14)]
 14469 | D:10     | Slain by a skeletal warrior

Illustrated notes

Levels and vault maps discovered:
D:1:      dpeg_arrival_court, layout_rooms
D:2:      layout_loops_corners, uniq_natasha
D:3:      layout_rooms, tso_oasis_becter, nicolae_hepliaklqana_hazy_memory,
          bloody_makhleb, uniq_sigmund
D:4:      layout_rooms, kennysheep_mini_moat, st_stairs_9,
          chequers_serial_rivers_micro_b, chequers_serial_rivers_room_a,
          grunt_tough_drop, uniq_edmund
D:5:      gammafunk_steamed_eel, layout_basic, lemuel_coloured_pillars_altar,
          elyvilon_altar_5, minmay_temple_entry_statues_pillars,
          nrook_pool_corridor, chequers_arboretum
D:6:      layout_loops_ring
D:7:      layout_cave_pools, nicolae_overflow_crystal_walls, lemuel_round_altar,
          serial_shops, shop, enter_bailey_3
D:8:      minmay_the_grid_four_pointed_star
          [minmay_the_grid_triangle_9x9_swiss_cheese,
          minmay_the_grid_triangle_9x9_alien,
          minmay_the_grid_triangle_9x9_longest,
          minmay_the_grid_triangle_9x9_skeleton,
          minmay_the_grid_prize_trominoes], layout_basic, lemuel_crystal_altar,
          ebering_ghost_inner_flame, uniq_harold, uniq_maurice
D:9:      layout_roguey, nicolae_ashenzari_skybound,
          nicolae_uskayaw_dance_studio, nicolae_yredelemnul_corpse_copse,
          nicolae_ru_awakened_eye
D:10:     layout_roguey, lair_entry_dummy

Skill      XL: |  1  2  3  4  5  6  7  8  9 10 11 |
---------------+----------------------------------+-----
Dodging        | 3 4 5 6 7 8 |  8.0
Maces & Flails | 1 2 3 4 6 8 9 10 | 10.2
Stealth        | 1 2 3 5 6 |  6.3
Fighting       | 4 5 6 7 8 |  8.5
Shields        | 1 3 6 7 8 |  8.8
Long Blades    | |  3.8
Throwing       | |  0.6

Action                   |  1- 3 |  4- 6 |  7- 9 | 10-12 || total
-------------------------+-------+-------+-------+-------++-------
Melee: Falchion          |    14 |       |       |       ||    14
       Tailslap          |    12 |    20 |    80 |   128 ||   240
       Whip              |    58 |   143 |   394 |   456 ||  1051
Throw: Dart              |       |       |     5 |     1 ||     6
Invok: Berserk           |       |     2 |     4 |     7 ||    13
       Trog's Hand       |       |       |     1 |       ||     1
 Abil: Breathe Acid      |       |       |     2 |     1 ||     3
  Use: Scroll            |     3 |     4 |     6 |     4 ||    17
       Potion            |       |       |     6 |     2 ||     8
 Stab: Sleeping          |       |       |     6 |     7 ||    13
       Distracted        |       |       |     1 |       ||     1
Armor: Skin              |    38 |    36 |    81 |    47 ||   202
Dodge: Dodged            |    79 |    52 |   168 |   118 ||   417
Block: Kite shield       |     2 |    51 |   218 |   290 ||   561
       Reflection        |       |       |     3 |     4 ||     7
       Rpst.: Falchion   |     9 |       |       |       ||     9

Table legend: (Time is in decaauts)
 A = Elapsed time spent in this place.
 B = Non-inter-level travel time spent in this place.
 C = Inter-level travel time spent in this place.
 D = Time resting spent in this place.
 E = Time spent auto-exploring this place.
 F = Levels seen in this place.
 G = Mean time per level.
                   A        B        C        D        E       F      G
               +--------+--------+--------+--------+--------+-----+--------+
         Total |  14549 |  14549 |      0 |   5891 |   1190 |  10 | 1454.9 |
       Dungeon |  14549 |  14549 |      0 |   5891 |   1190 |  10 | 1454.9 |
               +--------+--------+--------+--------+--------+-----+--------+

Top non-repeatable levels by time:
     D:5: 2845 daAuts
     D:8: 2456 daAuts
     D:9: 1779 daAuts
     D:6: 1627 daAuts
     D:2: 1532 daAuts
     D:3: 1225 daAuts
     D:4: 939 daAuts
     D:1: 821 daAuts
     D:7: 775 daAuts
    D:10: 545 daAuts
